 Dungeon Crawl Stone Soup version 0.30-a0-347-gf58ed5266c (webtiles) character file.

Game seed: 14765994625038376168

11062 LnG the Unseen (level 12, -4/68 HPs)
             Began as a Kobold Summoner on Nov 4, 2022.
             Was a Priest of Dithmenos.
             Hit by a javelin thrown by Urug (18 damage)
             ... on level 10 of the Dungeon on Nov 6, 2022.
             The game lasted 00:34:41 (11305 turns).

LnG the Unseen (Kobold Summoner)                   Turns: 11305, Time: 00:34:50

Health: -4/68      AC:  5    Str:  5    XL:     12   Next: 3%
Magic:  19/30      EV: 22    Int: 30    God:    Dithmenos [***...]
Gold:   751        SH:  0    Dex: 22    Spells: 5/23 levels left

rFire   . . .      SeeInvis .    n - +7 rapier "Zyicaf" {flame, MP+9 Int+3}
rCold   . . .      Faith    .    (no shield)
rNeg    . . .      Spirit   .    a - +0 robe
rPois   .          Reflect  .    (no helmet)
rElec   .          Harm     .    k - +1 cloak
rCorr   .          Rampage  .    E - +0 pair of gloves
Will    .....                    (no boots)
Stlth   ++++++++++               L - amulet of the acrobat
HPRegen 0.31/turn                O - +6 ring of dexterity
MPRegen 0.22/turn                p - +6 ring of intelligence

@: wreathed by umbra, studying Shields
A: small, no large weapons, nightstalker 3
a: Renounce Religion, Shadow Step


You were on level 10 of the Dungeon.
You worshipped Dithmenos.
Dithmenos was most pleased with you.
You visited 2 branches of the dungeon, and saw 11 of its levels.
You also visited: Bailey.

You collected 751 gold pieces.

Inventory:

Hand Weapons
 d - a +0 dagger
 l - a +0 rapier
 n - the +7 rapier "Zyicaf" (weapon) {flame, MP+9 Int+3}
   (You found it on level 2 of the Dungeon)

   It burns those it strikes, dealing additional fire damage.
   Int:       It affects your intelligence (+3).
   MP:        It affects your magic capacity (+9).
Missiles
 x - 3 throwing nets
Armour
 a - a +0 robe (worn)
 k - a +1 cloak (worn)
 E - a +0 pair of gloves (worn)
Jewellery
 i - a ring of resist corrosion
 p - a +6 ring of intelligence (right hand)
 B - a ring of protection from cold
 F - an amulet of reflection
 L - an amulet of the acrobat (around neck)
 O - a +6 ring of dexterity (left hand)
Wands
 t - a wand of flame (13)
 C - a wand of roots (7)
 K - a wand of charming (18)
 M - a wand of light (6)
 N - a wand of mindburst (7)
Scrolls
 c - 3 scrolls of teleportation
 e - 3 scrolls of vulnerability
 f - 5 scrolls of enchant weapon
 r - 3 scrolls of butterflies
 s - 2 scrolls of blinking
 u - 3 scrolls of magic mapping
 w - a scroll of silence
 y - a scroll of summoning
 A - 7 scrolls of noise
 D - 2 scrolls of amnesia {unknown}
 G - a scroll of fear {unknown}
Potions
 b - 2 potions of magic
 g - 2 potions of heal wounds
 h - 3 potions of might {unknown}
 j - a potion of attraction {unknown}
 m - a potion of resistance {unknown}
 o - a potion of cancellation {unknown}
 q - 2 potions of lignification {unknown}
 v - 3 potions of curing {unknown}
 z - a potion of haste {unknown}
 H - a potion of mutation {unknown}
 I - a potion of degeneration {unknown}
 J - a potion of flight {unknown}
 P - a potion of ambrosia {unknown}


   Skills:
 + Level 4.8 Fighting
 + Level 8.4 Short Blades
 * Level 9.0 Dodging
 * Level 15.2 Stealth
 + Level 0.5 Shields
 + Level 6.1 Spellcasting
 + Level 0.3 Hexes
 + Level 7.1 Summonings
 + Level 3.0 Air Magic
 * Level 5.0 Invocations


You had 5 spell levels left.
You knew the following spells:

 Your Spells              Type           Power      Damage    Failure   Level
a - Summon Small Mammal   Summ           100%       N/A       1%          1
b - Call Imp              Summ           51%        N/A       1%          2
c - Call Canine Familiar  Summ           51%        N/A       1%          3
d - Summon Guardian Gole  Hex/Summ       31%        N/A       3%          3
e - Summon Lightning Spi  Summ/Air       39%        N/A       6%          4
f - Summon Mana Viper     Hex/Summ       31%        N/A       30%         5

Your spell library contained the following spells:

 Spells                   Type           Power      Damage    Failure   Level
 Swiftness                Air            27%        N/A       4%          3
 Apportation              Tloc           18%        N/A       5%          1
 Necrotise                Necr           36%        1d5       5%          1
 Blink                    Tloc           18%        N/A       8%          2
 Ensorcelled Hibernation  Hex/Ice        20%        N/A       8%          2
 Momentum Strike          Conj/Tloc      18%        3d8       8%          2
 Passwall                 Tmut/Erth      7%         N/A       8%          2
 Sublimation of Blood     Necr           9%         N/A       8%          2
 Lesser Beckoning         Tloc           18%        N/A       16%         3
 Summon Forest            Summ/Tloc      15%        N/A       32%         5
 Leda's Liquefaction      Hex/Erth       5%         N/A       43%         4
 Petrify                  Tmut/Erth      9%         N/A       45%         4
 Irradiate                Conj/Tmut      4%         3d13      82%         5
 Lee's Rapid Deconstruct  Erth           4%         3d5*      82%         5
 Summon Cactus Giant      Summ           25%        N/A       38%         6
 Statue Form              Tmut/Erth      6%         N/A       100%        6


Dungeon Overview and Level Annotations

Branches:
Dungeon (10/15)            Temple (1/1) D:4            Lair (0/5) D:10
 Bailey (visited)
    Orc: D:9-12

Altars:
Ashenzari
Cheibriados
Dithmenos
Elyvilon
Fedhas
Gozag
Hepliaklqana
Kikubaaqudgha
Makhleb
Nemelex Xobeh
Okawaru
Qazlal
Ru
Sif Muna
Trog
Uskayaw
Vehumet
Wu Jian
Xom
Yredelemnul
Zin
The Shining One

Shops:
D:1 :   D:4 :

Annotations:
D:5 3 runed translucent doors
D:9 exclusion: ice statue
D:10 Urug


Innate Abilities, Weirdness & Mutations

You are small and have problems with some larger weapons.
You are completely attuned to the shadows.


Message History

You swap places.
Found a staircase to the Lair.
Urug the Orcish Ballista comes into view.
She is wielding a +6 great mace and wearing a +4 chain mail of poison resistance.
Casting: Summon Lightning Spire (dangerous; 6% risk of failure)
Confirm with . or Enter, or press ? or * to list all spells.
An electric hum fills the air.
Your wolf bites Urug!
Urug barely misses your wolf.
Your wolf closely misses Urug.
Unknown command.
Casting: Summon Lightning Spire (dangerous; 6% risk of failure)
Confirm with . or Enter, or press ? or * to list all spells.
The spell is quite dangerous to miscast (30% risk of failure)!
Continue anyway?
A mana viper appears with a sibilant hiss.
Your wolf bites Urug but does no damage.
Urug throws a javelin.
The javelin misses you.
Your wolf bites Urug but does no damage.
Your wolf bites Urug but does no damage.
Urug throws a javelin.
The javelin closely misses your wolf. The javelin misses you.
Your wolf bites Urug but does no damage.
Urug hits your wolf with a +6 great mace!!
Your wolf dies!
Your wolf's corpse disappears in a puff of smoke!
Your mana viper bites Urug but does no damage.
Your mana viper bites Urug.
Casting: Summon Mana Viper (quite dangerous; 30% risk of failure)
Confirm with . or Enter, or press ? or * to list all spells.
Urug hits you with a +6 great mace!!
Your mana viper barely misses Urug.
Unknown command.
You puncture Urug! You burn Urug.
Urug is moderately wounded.
Your mana viper bites Urug.
Urug hits you with a +6 great mace!!
* * * LOW HITPOINT WARNING * * *
Your warg completely misses Urug.
Blink to where?
Press: ? - help, Dir - move target
As you read the scroll of blinking, it crumbles to dust.
Your mana viper closely misses Urug.
Urug throws a javelin.
The javelin pierces through your lightning spire.
The javelin pierces through you!!
You die...

##[).####......8.......###....##
*######............##.####..###
**,,,,.................♣...##
,,,,,,,#.............P.....#*
,,,****#....................#*
**** *#..............P.....P#
,,,** #.........P............#*
,,,,**##..................P..,*
,,,,,,*#........@.......,,,,,,*
,,,,,,,,#........8....>.,,,,,,*
,,,,,*,,,..........hS...,,,,,,**
,,,,,***,,........§o....,,,,,,,**
,,,,,,***,,....#........,,,,,,,,*
,,,,,,* ***,,,,#...♣...,,,,,,,,,*
,,,,,,** **,,*##......,*,,,,,,,,
,,,,,,,* **,**..P.,..,,,,,,,,,,
,,,,**** *,*,,,,,*,,*,,,,,,,,,


You could see Urug (ally target), a friendly mana viper (summoned), a friendly
warg (summoned) and a friendly lightning spire (summoned).

Vanquished Creatures
  An ogre mage (D:10)
  A wolf spider (D:10)
  Maurice (D:8)
  Maggie (D:7)
  A troll (D:10)
  2 hornets
  A nameless horror (Bailey)
  A wraith (D:10)
  2 wyverns (D:10)
  5 yaks (D:10)
  Eustachio (D:4)
  A steam dragon (D:7)
  3 water moccasins
  3 ice beasts
  A sky beast (D:6)
  9 orc warriors
  A black bear (D:6)
  4 centaurs
  A phantom (D:4)
  2 kobold brigands
  3 bullfrogs
  3 scorpions
  A gnoll sergeant (D:8)
  A necrophage (D:5)
  4 wights
  7 killer bees
  2 howler monkeys
  An orc priest (D:9)
  8 hounds
  A gnoll bouda (D:7)
  2 jellies
  4 orc wizards
  Natasha (thrice) (D:3)
  2 iguanas
  9 gnolls
  7 adders
  3 shadow imps
  An ufetubus (D:4)
  2 worms (D:4)
  3 dart slugs
  24 orcs
  8 ball pythons
  9 endoplasms
  11 goblins
  9 hobgoblins
  12 jackals
  3 quokkas
  10 bats
  4 frilled lizards
  12 kobolds
  9 rats
220 creatures vanquished.

Vanquished Creatures (collateral kills)
  Harold (D:10)
  A two-headed ogre (D:10)
  A basilisk (D:10)
  3 yaks (D:10)
  An acid dragon (D:10)
  A water moccasin (D:10)
  3 orc warriors (Bailey)
  7 centaurs (Bailey)
  Blork the orc (D:6)
  2 bullfrogs
  An orc priest (D:7)
  A hound (D:6)
  An iguana (D:5)
  2 orc wizards
  9 gnolls
  A worm (D:2)
  17 orcs
  A bat (D:1)
  A goblin (D:1)
  A hobgoblin (D:1)
  2 jackals (D:2)
  A frilled lizard (D:2)
  A kobold (D:2)
60 creatures vanquished.

Vanquished Creatures (others)
  4 bushes (D:10)
  2 fungi (D:10)
  19 plants (D:10)
25 creatures vanquished.

Grand Total: 305 creatures vanquished

Notes
Turn   | Place    | Note
-------+----------+-------------------------------------------
     0 | D:1      | LnG the Kobold Summoner began the quest for the Orb.
     0 | D:1      | Reached XP level 1. HP: 10/10 MP: 3/3
    86 | D:1      | Reached XP level 2. HP: 13/15 MP: 3/5
   280 | D:1      | Reached skill level 3 in Stealth
   326 | D:1      | Learned a level 2 spell: Call Imp
   386 | D:1      | Reached XP level 3. HP: 15/19 MP: 6/6
   390 | D:1      | Learned a level 3 spell: Call Canine Familiar
   411 | D:1      | Found Maury's Book Shoppe.
   981 | D:2      | Reached skill level 1 in Fighting
  1045 | D:2      | Reached XP level 4. HP: 25/25 MP: 7/7
  1072 | D:2      | Found a faded altar of an unknown god.
  1073 | D:2      | Identified the +7 rapier "Zyicaf" {flame, MP+9 Int+3}
  1288 | D:2      | Reached skill level 4 in Stealth
  1368 | D:2      | Found a radiant altar of Vehumet.
  1757 | D:3      | Noticed Natasha
  1761 | D:3      | Killed Natasha
  1762 | D:3      | Reached skill level 1 in Short Blades
  1762 | D:3      | Reached XP level 5. HP: 29/29 MP: 8/8
  1890 | D:3      | Learned a level 3 spell: Summon Guardian Golem
  2107 | D:3      | Noticed Natasha
  2113 | D:3      | Killed Natasha
  2114 | D:3      | Reached skill level 5 in Stealth
  2305 | D:3      | Noticed Natasha
  2311 | D:3      | Killed Natasha
  2312 | D:3      | Reached XP level 6. HP: 35/35 MP: 9/9
  2645 | D:3      | Identified the +4 long sword "Xebroe" {vorpal, rCorr}
  2772 | D:4      | Reached skill level 6 in Stealth
  2782 | D:4      | Reached XP level 7. HP: 40/40 MP: 11/11
  2782 | D:4      | Found Yrhom's Book Shoppe.
  2834 | D:4      | Identified the +0 ring mail "Mosoymaci" {rN+ Str+4 Stlth+}
  2905 | D:4      | Found a staircase to the Ecumenical Temple.
  2913 | Temple   | Entered the Ecumenical Temple
  3224 | Temple   | Became a worshipper of Dithmenos the Shadowed
  3280 | D:4      | Reached skill level 7 in Stealth
  3330 | D:4      | Noticed Eustachio
  3334 | D:4      | Killed Eustachio
  3369 | D:4      | Reached skill level 8 in Stealth
  3601 | D:4      | Reached XP level 8. HP: 34/45 MP: 12/12
  3883 | D:4      | Reached * piety under Dithmenos
  3931 | D:5      | Entered Level 5 of the Dungeon
  3975 | D:5      | Reached skill level 9 in Stealth
  4312 | D:5      | Identified the +1 ring mail of Depression {Harm rF+ Str+3}
  4326 | D:5      | Found a runed translucent gate.
  4327 | D:5      | Found a runed translucent gate.
  4328 | D:5      | Found a runed translucent gate.
  4359 | D:5      | Reached skill level 5 in Short Blades
  4359 | D:5      | Reached skill level 5 in Dodging
  4359 | D:5      | Reached skill level 10 in Stealth
  4519 | D:5      | Identified the +0 chain mail "Niexidgh" {Str+2}
  4795 | D:6      | Reached XP level 9. HP: 24/51 MP: 13/13
  4920 | D:6      | Noticed Blork the orc
  4933 | D:6      | Killed Blork the orc
  4934 | D:6      | Reached skill level 5 in Summonings
  4960 | D:6      | Learned a level 4 spell: Summon Lightning Spire
  5207 | D:6      | Reached skill level 11 in Stealth
  5503 | D:7      | Noticed Maggie
  5507 | D:7      | Killed Maggie
  5576 | D:7      | Found a radiant altar of Vehumet.
  5638 | D:7      | Reached ** piety under Dithmenos
  5650 | D:7      | Reached skill level 12 in Stealth
  5871 | D:7      | Reached XP level 10. HP: 56/56 MP: 16/16
  5951 | D:7      | Reached skill level 1 in Invocations
  6181 | D:7      | Reached skill level 1 in Air Magic
  6893 | D:8      | Noticed Maurice
  6895 | D:8      | Killed Maurice
  6896 | D:8      | Reached skill level 13 in Stealth
  7762 | D:9      | Found the +6 shillelagh "Devastator" {shatter}
  8074 | D:9      | Noticed an ice statue
  8847 | D:9      | Learned a level 5 spell: Summon Mana Viper
  8916 | D:10     | Entered Level 10 of the Dungeon
  8929 | D:10     | Found a flagged portal.
  8936 | Bailey   | Entered a bailey
  9278 | Bailey   | Reached *** piety under Dithmenos
  9330 | Bailey   | Reached skill level 14 in Stealth
  9792 | Bailey   | Reached XP level 11. HP: 62/62 MP: 17/18
  9805 | Bailey   | Reached skill level 5 in Spellcasting
 10066 | Bailey   | Identified the +8 bardiche of the Pariah {vorpal, rN+
                  | rCorr}
 10732 | D:10     | Noticed an ogre mage
 10746 | D:10     | Killed an ogre mage
 10751 | D:10     | Upgraded the game from 0.30-a0-341-g682706514a to
                  | 0.30-a0-347-gf58ed5266c
 10787 | D:10     | Noticed a wolf spider
 10793 | D:10     | Killed a wolf spider
 10897 | D:10     | Noticed Harold
 10914 | D:10     | Killed Harold
 10914 | D:10     | Reached **** piety under Dithmenos
 10915 | D:10     | Reached skill level 15 in Stealth
 10953 | D:10     | Noticed a two-headed ogre
 10965 | D:10     | Killed a two-headed ogre
 11181 | D:10     | Reached skill level 5 in Invocations
 11185 | D:10     | Reached XP level 12. HP: 46/68 MP: 16/21
 11296 | D:10     | Found a staircase to the Lair.
 11296 | D:10     | Noticed Urug
 11305 | D:10     | Hit by a javelin thrown by Urug

Illustrated notes

Levels and vault maps discovered:
D:1:      dpeg_arrival_orchard, layout_loops_ring, serial_shops,
          nicolae_shop_hallway_plus
D:2:      layout_rooms, basic_altar, hellmonk_ecumenical_altar_prayer_group
D:3:      layout_basic, grunt_ministairs_9, roderic_serpentine_path,
          uniq_natasha
D:4:      layout_loops_ring, minmay_temple_entry_grid, serial_shops,
          nicolae_square_shop, serial_park_tiny_1, nicolae_underground_beach,
          uniq_eustachio
D:5:      layout_cave_pools, ebering_ghost_rock_garden
D:6:      layout_cave_pools, uniq_blork_the_orc
D:7:      layout_gridville, lemuel_round_altar, st_stairs_8, uniq_maggie
D:8:      layout_loops_ring, uniq_maurice
D:9:      layout_basic, st_stairs_6, eino_tiny_chamber, minmay_statue_bubble
D:10:     minmay_stone_box, layout_cave_pods, minmay_lair_entry_grove,
          enter_bailey_2, minmay_three_doors, uniq_urug, uniq_grum, uniq_harold
Temple:   nicolae_temple_the_god_donut

Skill      XL: |  1  2  3  4  5  6  7  8  9 10 11 12 |
---------------+-------------------------------------+-----
Stealth        | 3 4 5 6 8 10 12 14 15 | 15.2
Fighting       | 1 2 3 4 |  4.8
Dodging        | 3 4 5 6 7 8 9 |  9.0
Short Blades   | 1 2 3 4 5 6 7 8 |  8.4
Spellcasting   | 3 4 6 |  6.1
Summonings     | 5 7 |  7.1
Invocations    | 3 5 |  5.0
Air Magic      | 1 3 |  3.0
Shields        | |  0.5
Hexes          | |  0.3

Action                   |  1- 3 |  4- 6 |  7- 9 | 10-12 || total
-------------------------+-------+-------+-------+-------++-------
Melee: Dagger            |    68 |       |       |       ||    68
       Punch             |     3 |     1 |     3 |     3 ||    10
       Rapier            |    20 |    94 |   136 |   190 ||   440
 Cast: Summon Small Mamm |     6 |       |     1 |     2 ||     9
       Call Canine Famil |     1 |     2 |     8 |    22 ||    33
       Call Imp          |     1 |       |     6 |     5 ||    12
       Summon Lightning  |       |       |     2 |    33 ||    35
       Summon Mana Viper |       |       |       |     3 ||     3
Invok: Shadow Step       |       |       |       |     2 ||     2
  Use: Scroll            |       |     5 |     4 |     6 ||    15
       Potion            |       |       |     2 |     1 ||     3
 Stab: Sleeping          |    13 |    19 |    33 |    26 ||    91
       Distracted        |       |       |     1 |     8 ||     9
       Betrayed ally     |       |       |       |     2 ||     2
Armor: Robe              |    16 |    17 |    11 |    17 ||    61
Dodge: Dodged            |    95 |    73 |    89 |   281 ||   538
Block: Other             |       |       |    11 |     6 ||    17
       Reflection        |       |       |     1 |       ||     1

Table legend: (Time is in decaauts)
 A = Elapsed time spent in this place.
 B = Non-inter-level travel time spent in this place.
 C = Inter-level travel time spent in this place.
 D = Time resting spent in this place.
 E = Time spent auto-exploring this place.
 F = Levels seen in this place.
 G = Mean time per level.
                   A        B        C        D        E       F      G
               +--------+--------+--------+--------+--------+-----+--------+
         Total |  11302 |  10925 |    377 |   1003 |   7111 |  12 |  941.8 |
       Dungeon |   9424 |   9076 |    348 |    587 |   6393 |  10 |  942.4 |
        Temple |    332 |    303 |     29 |      0 |    286 |   1 |  332.0 |
        Bailey |   1544 |   1544 |      0 |    416 |    431 |   1 | 1544.0 |
               +--------+--------+--------+--------+--------+-----+--------+

Top non-repeatable levels by time:
  Bailey: 1544 daAuts
     D:9: 1238 daAuts
     D:7: 1162 daAuts
     D:3: 1052 daAuts
     D:8: 1030 daAuts
     D:1: 926 daAuts
     D:4: 864 daAuts
    D:10: 849 daAuts
     D:5: 841 daAuts
     D:2: 767 daAuts
     D:6: 690 daAuts
  Temple: 332 daAuts
